 Dungeon Crawl Stone Soup version 0.23.2-40-g277498a001 (webtiles) character file.

Game seed: 10788684196296153106

10647 Htamos the Eclecticist (level 11, -4/91 HPs)
             Began as a Mummy Conjurer on Sept 3, 2019.
             Was a Priest of Vehumet.
             Killed themself with a badly aimed fireball (21 damage)
             ... on level 11 of the Dungeon.
             The game lasted 00:37:51 (19995 turns).

Htamos the Eclecticist (Mummy Conjurer)            Turns: 19995, Time: 00:37:52

Health: -4/91      AC:  3    Str: 12    XL:     11   Next: 38%
Magic:  2/31       EV: 12    Int: 18    God:    Vehumet [***...]
Gold:   685        SH:  0    Dex: 12    Spells: 20/43 levels left

rFire    x . .     SeeInvis .   e - +2 dagger
rCold    + . .     Gourm    .   (no shield)
rNeg     + + +     Faith    .   a - +1 robe
rPois    ∞         Spirit   .   d - +2 helmet
rElec    .         Reflect  .   z - +0 cloak
rCorr    .         Harm     .   (no gloves)
MR       +....                  (no boots)
Stlth    ++........             (no amulet)
HPRegen  0.25/turn              f - ring of flight
MPRegen  0.22/turn              (no ring)

@: corroded, very slightly contaminated
A: no food or potions, fire vulnerability, cold resistance 1, negative energy
resistance 3, torment resistance, unbreathing
a: Renounce Religion, Evoke Flight


You were on level 11 of the Dungeon.
You worshipped Vehumet.
Vehumet was most pleased with you.
You were not hungry.

You visited 2 branches of the dungeon, and saw 12 of its levels.

You collected 685 gold pieces.

Inventory:

Hand Weapons
 e - a +2 dagger (weapon)
Armour
 a - a +1 robe (worn)
 d - a +2 helmet (worn)
 i - a +0 leather armour
 z - a +0 cloak (worn)
Jewellery
 b - a +2 ring of intelligence
 c - a +3 ring of protection {unknown}
 f - a ring of flight (left hand)
 j - an uncursed ring of magical power {unknown}
 l - an uncursed ring of positive energy {unknown}
 o - a cursed -3 ring of protection {unknown}
 s - a cursed amulet of inaccuracy {unknown}
 u - a +4 ring of protection {unknown}
Wands
 k - a wand of digging (3)
 n - a wand of random effects (8)
 w - a wand of flame (18)
Scrolls
 h - 2 scrolls of amnesia
 m - 2 scrolls of remove curse
 p - 5 scrolls of identify
 q - a scroll of enchant weapon
 r - 2 scrolls of fog
 t - a scroll of blinking
 v - 2 scrolls of magic mapping


   Skills:
 + Level 10.2 Fighting
 - Level 2.1 Dodging
 - Level 1.6 Stealth
 * Level 16.5 Spellcasting
 - Level 3.5 Conjurations


You had 20 spell levels left.
You knew the following spells:

 Your Spells              Type           Power        Failure   Level  Hunger
a - Magic Dart            Conj           ####         1%          1    N/A
b - Searing Ray           Conj           ####..       1%          2    N/A
c - Iskenderun's Mystic   Conj           ####....     2%          4    N/A
d - Fulminant Prism       Conj/Hex       ###.......   5%          4    N/A
e - Dazzling Spray        Conj/Hex       ###...       1%          3    N/A
f - Force Lance           Conj/Tloc      ###.....     5%          4    N/A
g - Throw Flame           Conj/Fire      ###...       1%          2    N/A
h - Conjure Flame         Conj/Fire      ###.....     1%          3    N/A

Your spell library contained the following spells:

 Spells                   Type           Power        Failure   Level  Hunger
 Inner Flame              Hex/Fire       ##......     3%          3    N/A
 Apportation              Tloc           ##....       4%          1    N/A
 Corona                   Hex            ##.....      4%          1    N/A
 Summon Small Mammal      Summ           ##..         4%          1    N/A
 Sticky Flame             Conj/Fire      ###.....     5%          4    N/A
 Call Imp                 Summ           ##......     6%          2    N/A
 Slow                     Hex            ##......     6%          2    N/A
 Song of Slaying          Chrm           ##......     6%          2    N/A
 Call Canine Familiar     Summ           ##......     12%         3    N/A
 Gell's Gravitas          Tloc           ##........   12%         3    N/A
 Portal Projectile        Hex/Tloc       ##....       12%         3    N/A
 Spectral Weapon          Hex/Chrm       ##......     12%         3    N/A
 Summon Guardian Golem    Hex/Summ       ##......     12%         3    N/A
 Iskenderun's Battlesphe  Conj/Chrm      ###.....     16%         5    N/A
 Bolt of Magma            Conj/Fire/Erth ###.......   17%         5    N/A
 Cause Fear               Hex            ##........   38%         4    N/A
 Leda's Liquefaction      Hex/Erth       ##........   38%         4    N/A
 Summon Ice Beast         Ice/Summ       ##......     38%         4    N/A
 Summon Lightning Spire   Summ/Air       ##......     38%         4    N/A
 Excruciating Wounds      Chrm/Necr      ##........   75%         5    N/A
 Malign Gateway           Summ/Tloc      ##........   100%        7    N/A
 Ring of Flames           Chrm/Fire      ##........   100%        7    N/A
 Disjunction              Tloc           ##........   100%        8    N/A

Dungeon Overview and Level Annotations

Branches:
Dungeon (11/15)            Temple (1/1) D:7            Lair (0/6) D:9
    Orc (0/2) D:10

Altars:
Ashenzari
Cheibriados
Dithmenos
Elyvilon
Fedhas
Gozag
Hepliaklqana
Kikubaaqudgha
Makhleb
Nemelex Xobeh
Okawaru
Qazlal
Ru
Sif Muna
Trog
Uskayaw
Vehumet
Wu Jian
Xom
Yredelemnul
Zin
The Shining One
Jiyva

Annotations:
D:3 2 transporters, exclusion: downstairs, Sigmund
D:8 exclusion: downstairs
D:9 2 runed translucent doors, exclusion: 2 downstairs


Innate Abilities, Weirdness & Mutations

You do not eat or drink.
Your flesh is vulnerable to fire.
You are immune to poison.
Your flesh is cold resistant. (rC+)
You are immune to negative energy. (rN+++)
You are immune to unholy pain and torment.
You can survive without breathing.


Message History

Evoke which item? (* to show all) (? for menu, Esc to quit)
Aiming: Random Effects
Press: ? - help, Shift-Dir - straight line, f/p - brown ugly thing
Aim: a brown ugly thing (heavily wounded, fast+slow)
The brown ugly thing basks in the mutagenic energy and changes!
The cyan ugly thing basks in your mutagenic energy and changes!
Evoke which item? (* to show all) (? for menu, Esc to quit)
Aiming: Random Effects
Press: ? - help, Shift-Dir - straight line, f/p - brown ugly thing
Aim: a brown ugly thing (heavily wounded, fast+slow)
The brown ugly thing easily resists.
Evoke which item? (* to show all) (? for menu, Esc to quit)
Aiming: Random Effects
Press: ? - help, Shift-Dir - straight line, f/p - brown ugly thing
Aim: a brown ugly thing (heavily wounded, fast+slow)
The fireball explodes!
The fireball engulfs the brown ugly thing!
The brown ugly thing is severely wounded.
The fireball engulfs you!! The fire burns you terribly!
You die...

*,,,,,,,,...,,,,,,,,,,,
*,,,,****..#,,,,,,,,,,,
*,,,,* *..#,***+******
*,,,,####!.*,*,,,,,,,,,
*,,,,,....,,,*,,,,,,,,,
*,,,####'####*,,,,,,,,,
#.*,#.......#*,,,∩,,,,,
#...######'###,,,,,,,,,
#.....@u.....#,,,,,,,,,
#.....###....#,,,,,,,,,
#.....,,.....#,,,,,,,,,
#.....,......#,,,,,,,,,
#............#,,,,,,,,,
#............#*********
#.............,,,,,,,,,
#..##.......#..,*,,,,,,
*,,,,,,,,,,,,,,,,,,**,,


You could see a brown ugly thing.

Vanquished Creatures
  2 two-headed ogres
  A centaur zombie (D:10)
  Grinder (D:4)
  A slime creature (D:9)
  3 hippogriffs (D:9)
  16 yaks
  A hungry ghost (D:8)
  2 steam dragons
  Menkaure (D:4)
  2 water moccasins
  Duvessa (D:4)
  4 porcupines (D:9)
  4 orc warriors
  An ice beast (D:7)
  A hornet zombie (D:10)
  2 black bears (D:8)
  2 phantoms
  A necrophage (D:9)
  6 ogres
  2 centaurs
  2 crocodiles (D:9)
  7 bullfrogs
  A water moccasin zombie (D:6)
  6 scorpions
  2 wyvern skeletons (D:10)
  Dowan (D:4)
  3 howler monkeys
  2 crimson imps (D:5)
  A bullfrog zombie (D:6)
  A quasit (D:9)
  4 hounds
  2 bullfrog skeletons
  4 orc priests
  8 jellies
  4 iguanas
  Terence (D:3)
  Natasha (twice) (D:3)
  7 orc wizards
  12 worker ants
  A hound skeleton (D:4)
  13 adders
  7 gnolls
  A shadow imp (D:5)
  6 oozes
  An adder zombie (D:9)
  An adder skeleton (D:10)
  2 worms (D:3)
  A dart slug (D:2)
  7 leopard geckos
  21 orcs
  4 giant cockroaches
  7 goblins
  10 hobgoblins
  15 jackals
  2 quokkas
  2 ball pythons
  5 bats
  4 frilled lizards
  3 goblin skeletons (D:9)
  4 hobgoblin zombies (D:9)
  9 kobolds
  2 kobold zombies (D:9)
  A leopard gecko skeleton (D:5)
  An orc zombie (D:9)
  A quokka skeleton (D:9)
  8 rats
263 creatures vanquished.

Vanquished Creatures (others)
  A fungus (D:9)
  A plant (D:9)
2 creatures vanquished.

Grand Total: 265 creatures vanquished

Notes
Turn   | Place    | Note
-------+----------+-------------------------------------------
     0 | D:1      | Htamos the Mummy Conjurer began the quest for the Orb.
     0 | D:1      | Reached XP level 1. HP: 13/13 MP: 4/4
   326 | D:1      | Reached skill level 3 in Spellcasting
   381 | D:1      | Reached XP level 2. HP: 19/19 MP: 3/6
  1558 | D:2      | Reached XP level 3. HP: 24/24 MP: 2/8
  1562 | D:2      | Learned a level 2 spell: Searing Ray
  2367 | D:3      | Reached skill level 4 in Spellcasting
  2416 | D:3      | Found a transporter.
  2503 | D:3      | Reached XP level 4. HP: 25/31 MP: 3/10
  2584 | D:3      | Reached skill level 1 in Fighting
  3045 | D:3      | Noticed a bullfrog
  3098 | D:3      | Killed a bullfrog
  3098 | D:3      | Reached skill level 5 in Spellcasting
  3098 | D:3      | Reached XP level 5. HP: 19/38 MP: 2/12
  3179 | D:3      | Noticed Natasha
  3302 | D:3      | Killed Natasha
  3348 | D:3      | Noticed Terence
  3365 | D:3      | Killed Terence
  3483 | D:3      | Reached skill level 6 in Spellcasting
  3803 | D:3      | Noticed Natasha
  3811 | D:3      | Killed Natasha
  3811 | D:3      | Reached XP level 6. HP: 41/46 MP: 9/15
  3868 | D:3      | Noticed Sigmund
  4021 | D:3      | Found a transporter.
  4331 | D:4      | Reached skill level 7 in Spellcasting
  4575 | D:4      | Noticed Duvessa
  4575 | D:4      | Noticed Dowan
  4591 | D:4      | Killed Dowan
  4682 | D:4      | Noticed Menkaure
  4754 | D:5      | Entered Level 5 of the Dungeon
  4986 | D:5      | Noticed a water moccasin
  4997 | D:5      | Killed a water moccasin
  4997 | D:5      | Reached XP level 7. HP: 22/53 MP: 7/18
  5210 | D:5      | Reached skill level 8 in Spellcasting
  5665 | D:5      | Found a sacrificial altar of Ru.
  6100 | D:6      | Reached skill level 9 in Spellcasting
  6306 | D:6      | Reached XP level 8. HP: 35/61 MP: 9/21
  7078 | D:6      | Reached skill level 5 in Fighting
  7533 | D:7      | Reached skill level 10 in Spellcasting
  7623 | D:7      | Learned a level 4 spell: Iskenderun's Mystic Blast
  7628 | D:7      | Learned a level 4 spell: Fulminant Prism
  7632 | D:7      | Learned a level 3 spell: Dazzling Spray
  7637 | D:7      | Learned a level 4 spell: Force Lance
  8045 | D:7      | Found a white marble altar of Elyvilon.
  8768 | D:7      | Found a staircase to the Ecumenical Temple.
  8778 | Temple   | Entered the Ecumenical Temple
  9067 | Temple   | Became a worshipper of Vehumet
  9179 | D:5      | Reached skill level 11 in Spellcasting
  9635 | D:5      | Reached XP level 9. HP: 57/69 MP: 18/24
  9982 | D:5      | Found a shadowy altar of Dithmenos.
 10584 | D:4      | Killed Menkaure
 10973 | D:4      | Found a basalt altar of Yredelemnul.
 11078 | D:4      | Found a white marble altar of Elyvilon.
 11135 | D:4      | Reached skill level 12 in Spellcasting
 11253 | D:4      | Noticed Grinder
 11268 | D:4      | Paralysed by Grinder for 5 turns
 11275 | D:4      | Killed Grinder
 11465 | D:4      | Killed Duvessa
 11620 | D:4      | Found a blossoming altar of Fedhas.
 11620 | D:4      | Found a snail-covered altar of Cheibriados.
 11625 | D:4      | Found an ancient bone altar of Kikubaaqudgha.
 11627 | D:4      | Found a faded altar of an unknown god.
 11628 | D:4      | Found a faded altar of an unknown god.
 12354 | D:8      | Found a radiant altar of Vehumet.
 12427 | D:8      | Found a bloodstained altar of Trog.
 12433 | D:8      | Reached skill level 13 in Spellcasting
 12909 | D:8      | Reached * piety under Vehumet
 12909 | D:8      | Offered knowledge of Sting by Vehumet.
 13399 | D:9      | Reached XP level 10. HP: 76/80 MP: 18/27
 13466 | D:9      | Found a runed translucent door.
 13467 | D:9      | Found a runed translucent door.
 13996 | D:9      | Found a staircase to the Lair.
 14008 | D:9      | Reached skill level 14 in Spellcasting
 14870 | D:9      | Found a hazy altar of Hepliaklqana.
 14942 | D:9      | Offered knowledge of Throw Flame by Vehumet.
 14946 | D:9      | Learned a level 2 spell: Throw Flame
 14980 | D:9      | Found a glowing golden altar of the Shining One.
 14985 | D:9      | Reached ** piety under Vehumet
 15859 | D:9      | Reached skill level 15 in Spellcasting
 15937 | D:9      | Noticed a two-headed ogre
 15941 | D:9      | Killed a two-headed ogre
 16120 | D:9      | Found a runed translucent door.
 16180 | D:9      | Found a staircase to the Lair.
 16296 | D:9      | Found a glowing golden altar of the Shining One.
 16368 | D:9      | Found a hazy altar of Hepliaklqana.
 16544 | D:9      | Found a runed translucent door.
 16546 | D:9      | Identified 2 scrolls of acquirement
 16546 | D:9      | Identified the Incunabulum of Boosts (You acquired it on
                  | level 9 of the Dungeon)
 16548 | D:9      | Identified the Reference Book on Flamy Dislocation (You
                  | acquired it on level 9 of the Dungeon)
 16608 | D:10     | Entered Level 10 of the Dungeon
 17321 | D:10     | Offered knowledge of Conjure Flame by Vehumet.
 17321 | D:10     | Reached XP level 11. HP: 46/89 MP: 22/30
 17583 | D:9      | Learned a level 3 spell: Conjure Flame
 18368 | D:10     | Reached *** piety under Vehumet
 18575 | D:10     | Found a staircase to the Orcish Mines.
 18679 | D:10     | Reached skill level 16 in Spellcasting
 19151 | D:10     | Found a viscous altar of Jiyva.
 19167 | D:10     | Reached skill level 10 in Fighting
 19479 | D:10     | Noticed a two-headed ogre
 19485 | D:10     | Killed a two-headed ogre
 19972 | D:11     | Noticed a purple ugly thing
 19995 | D:11     | Killed themself with a badly aimed fireball

Skill      XL: |  1  2  3  4  5  6  7  8  9 10 11 |
---------------+----------------------------------+-----
Spellcasting   | 3 4 5 6 7 9 11 13 15 16 | 16.5
Dodging        | 2 |  2.1
Fighting       | 1 2 3 4 6 8 9 10 | 10.2
Stealth        | |  1.6
Conjurations   | |  3.5

Action                   |  1- 3 |  4- 6 |  7- 9 | 10-12 || total
-------------------------+-------+-------+-------+-------++-------
Melee: Unarmed           |     6 |       |       |       ||     6
       Dagger            |    13 |    11 |    93 |     1 ||   118
 Cast: Magic Dart        |    81 |   132 |   221 |   127 ||   561
       Searing Ray       |       |    15 |    86 |    67 ||   168
       Iskenderun's Myst |       |       |     5 |    55 ||    60
Evoke: Wand              |       |     9 |     8 |    23 ||    40
  Use: Scroll            |     6 |     2 |     2 |     8 ||    18
Armor: Robe              |     4 |    20 |    80 |    63 ||   167
Dodge: Dodged            |    25 |    36 |   170 |   129 ||   360
